 Dungeon Crawl Stone Soup version 0.24.0-123-gd5b16e6ec5 (webtiles) character file.

Game seed: 858175372520896451, levelgen mode: deterministic

306 vurker the Chiller (level 6, -1/27 HPs)
             Began as a Felid Ice Elementalist on Jan 28, 2020.
             Slain by a centaur zombie (5 damage)
             ... on level 5 of the Dungeon.
             The game lasted 00:07:40 (5859 turns).

vurker the Chiller (Felid Ice Elementalist)         Turns: 5859, Time: 00:07:40

Health: -1/27      AC:  2    Str:  4    XL:     6   Next: 16%
Magic:  0/12       EV: 18    Int: 22    God:
Gold:   225        SH:  4    Dex: 16    Spells: 5/12 levels left
                                        Lives:  0   Deaths: 1

rFire    . . .     SeeInvis +   (weapon unavailable)
rCold    . . .     Gourm    .   (shield unavailable)
rNeg     . . .     Faith    .   (armour unavailable)
rPois    +         Spirit   .   (helmet unavailable)
rElec    .         Reflect  +   (cloak unavailable)
rCorr    .         Harm     .   (gloves unavailable)
MR       .....                  (boots unavailable)
Stlth    +++.......             m - +4 amulet of reflection
HPRegen  0.09/turn              c - +3 ring of intelligence
MPRegen  0.13/turn              i - ring of poison resistance

@: very slightly contaminated, quick
A: very small, no armour, no weapons or thrown items, stealth, claws 1, fangs 3,
see invisible, carnivore, speed 1, shaggy fur 2, slow metabolism 1, sharp paws
a: no special abilities


You were on level 5 of the Dungeon.
You were very full.

You visited 1 branch of the dungeon, and saw 5 of its levels.

You collected 225 gold pieces.

Inventory:

Jewellery
 c - a +3 ring of intelligence (left paw)
   (You found it on level 1 of the Dungeon)
 i - a ring of poison resistance (right paw)
   (You found it on level 1 of the Dungeon)
 m - a +4 amulet of reflection (around neck)
   (You found it on level 3 of the Dungeon)
Scrolls
 d - a scroll of blinking {unknown}
 f - a scroll of magic mapping
 g - 2 scrolls of immolation {unknown}
 j - 5 scrolls of teleportation {unknown}
 n - 2 scrolls of enchant armour {unknown}
 o - a scroll of noise {unknown}
Potions
 a - 6 potions of curing
 b - a potion of ambrosia
 h - 2 potions of brilliance
 k - a potion of cancellation {unknown}
 l - a potion of lignification {unknown}
 p - a potion of flight {unknown}
 q - 2 potions of mutation
 r - a potion of heal wounds {unknown}
Comestibles
 e - 10 rations


   Skills:
 + Level 2.4 Fighting
 - Level 2.6 Dodging
 - Level 2.6 Stealth
 * Level 3.8 Spellcasting
 * Level 2.8 Conjurations
 * Level 4.3 Ice Magic


You had 5 spell levels left.
You knew the following spells:

 Your Spells              Type           Power        Failure   Level  Hunger
a - Freeze                Ice            ###.         1%          1    None
b - Throw Icicle          Conj/Ice       ###.....     26%         4    ####...
c - Throw Frost           Conj/Ice       ###...       4%          2    #......

Your spell library contained the following spells:

 Spells                   Type           Power        Failure   Level  Hunger
 Ozocubu's Armour         Chrm/Ice       ##......     14%         3    ###....
 Summon Ice Beast         Ice/Summ       ##......     43%         4    ####...


Dungeon Overview and Level Annotations

Branches:
Dungeon (5/15)
 Temple: D:4-7

Altars:
Kikubaaqudgha
Nemelex Xobeh
Okawaru
Ru


Innate Abilities, Weirdness & Mutations

You cannot wear armour.
You are incapable of wielding weapons or throwing items.
Your paws allow you to move quietly. (Stealth)
You have sharp claws.
You have razor-sharp teeth.
You have supernaturally acute eyesight. (SInv)
You are carnivorous and can eat meat at any time.
You cover ground quickly.
You are covered in thick fur. (AC +2)
You have a slow metabolism.
Your sharp claws are effective at attacking unaware monsters.


Message History

You freeze the worker ant zombie but do no damage.
The worker ant zombie closely misses you.
Aim: a centaur zombie The centaur zombie resists.
You freeze the centaur zombie. The centaur zombie closely misses you.
The centaur zombie misses you.
Aim: a centaur zombie (lightly damaged)
The centaur zombie completely resists.
You freeze the centaur zombie but do no damage.
The centaur zombie closely misses you.
Aim: a centaur zombie (lightly damaged)
You miscast Freeze.
You are very lightly contaminated with residual magic.
Wisps of condensation drift from your paws.
The centaur zombie hits you.
Aim: a centaur zombie (lightly damaged)
The centaur zombie completely resists.
You freeze the centaur zombie but do no damage.
The centaur zombie completely misses you.
The centaur zombie hits you. You block the centaur zombie's attack.
There is a stone staircase leading up here.
Aim: a centaur zombie (lightly damaged)
The centaur zombie resists.
You freeze the centaur zombie. The centaur zombie hits you.
Aim: a centaur zombie (lightly damaged)
The centaur zombie resists.
You freeze the centaur zombie. The centaur zombie hits you.
* * * LOW HITPOINT WARNING * * *
Aim: a centaur zombie (lightly damaged)
The centaur zombie resists.
You freeze the centaur zombie. You block the centaur zombie's attack.
The centaur zombie misses you.
Aim: a centaur zombie (lightly damaged)
The centaur zombie completely resists.
You freeze the centaur zombie but do no damage.
The centaur zombie hits you.
* * * LOW HITPOINT WARNING * * *
Unknown command.
Unknown command.
Aim: a centaur zombie (lightly damaged)
The centaur zombie resists.
You freeze the centaur zombie. The centaur zombie closely misses you.
Aim: a centaur zombie (lightly damaged)
The centaur zombie completely resists.
You freeze the centaur zombie but do no damage.
You block the centaur zombie's attack. The centaur zombie hits you.
* * * LOW HITPOINT WARNING * * *
Aim: a centaur zombie (lightly damaged)
The centaur zombie resists.
You freeze the centaur zombie. The centaur zombie hits you.
You die...

#.#####..#.##... ....# .##
#.....#....##.##.##..# ..#
#
#............##..###..##.#
##...####.##.##..#.......#
#..#.# #.# ........>....#
##...# #.# #..#.......#
#.#.####.# #..........#
#.....##.# ##.#.......#
##.###>##@######.#.....[.#
#..# #.ZZ.#....Z.........#
#..###.####.########.....#
###.........Z.# #.#..#
#.............# .#..#
###.#####.###..... .# .#
#...# #.# ###### #.#.# #.#
#..5# #.#


You could see a worker ant zombie and a centaur zombie.

Vanquished Creatures
  A scorpion (D:4)
  A jelly (D:5)
  An orc priest (D:3)
  2 worker ants (D:4)
  A gnoll (D:1)
  11 adders
  A shadow imp (D:5)
  An ooze (D:3)
  4 worms
  2 dart slugs (D:1)
  A leopard gecko (D:4)
  5 orcs
  10 bats
  3 giant cockroaches
  9 goblins
  6 hobgoblins
  10 jackals
  9 kobolds
  A quokka (D:2)
  5 frilled lizards
  9 rats
93 creatures vanquished.

Notes
Turn   | Place    | Note
-------+----------+-------------------------------------------
     0 | D:1      | vurker the Felid Ice Elementalist began the quest for the
                  | Orb.
     0 | D:1      | Reached XP level 1. HP: 7/7 MP: 4/4
   226 | D:1      | Reached XP level 2. HP: 9/12 MP: 0/6
   312 | D:1      | Reached skill level 3 in Ice Magic
   475 | D:1      | Reached skill level 1 in Fighting
   498 | D:1      | Reached XP level 3. HP: 15/15 MP: 2/7
   680 | D:1      | Learned a level 2 spell: Throw Frost
  1203 | D:1      | Reached skill level 1 in Conjurations
  1611 | D:2      | Reached XP level 4. HP: 9/19 MP: 4/9
  2006 | D:2      | Found an ancient bone altar of Kikubaaqudgha.
  2055 | D:2      | Found an iron altar of Okawaru.
  2612 | D:2      | Learned a level 4 spell: Throw Icicle
  2617 | D:2      | Found a sparkling altar of Nemelex Xobeh.
  2993 | D:3      | Found a sacrificial altar of Ru.
  3037 | D:3      | Reached XP level 5. HP: 15/22 MP: 5/10
  3687 | D:3      | Killed from afar by an orc priest
  3688 | D:3      | Reached XP level 4. HP: -9/19 MP: 8/9
  4333 | D:4      | Reached XP level 5. HP: 22/22 MP: 1/11
  4433 | D:4      | Reached skill level 4 in Ice Magic
  4886 | D:4      | Gained mutation: You are covered in thick fur. (AC +2)
                  | [Felid growth]
  4886 | D:4      | Reached XP level 6. HP: 27/27 MP: 6/12
  5063 | D:5      | Entered Level 5 of the Dungeon
  5525 | D:5      | HP: 1/27 [shadow imp/nerve-wracking pain (12)]
  5859 | D:5      | Slain by a centaur zombie

Levels and vault maps discovered:
D:1:      lightli_arrival_farm, layout_loops_corners
D:2:      layout_basic, okawaru_trees_1, lemuel_doored_altar,
          nemelex_xobeh_ov_fountains_minmay, first_ration
D:3:      layout_rooms, nicolae_ru_sacrificial_ziggurat
D:4:      layout_rooms
D:5:      layout_loops_ring, minmay_temple_entry_nine_rooms, serial_shops,
          nicolae_shop_behind_doors, kennysheep_small_square

Skill      XL: |  1  2  3  4  5 |
---------------+----------------+-----
Ice Magic      | 3 4 |  4.3
Fighting       | 1 2 |  2.4
Conjurations   | 1 2 |  2.8
Spellcasting   | 3 |  3.8
Dodging        | |  2.6
Stealth        | |  2.6

Action                   |  1- 3 |  4- 6 || total
-------------------------+-------+-------++-------
Melee: Unarmed           |    21 |    36 ||    57
       Bite              |     4 |     2 ||     6
 Cast: Freeze            |    48 |   146 ||   194
       Throw Frost       |       |    16 ||    16
  Use: Scroll            |     3 |     4 ||     7
 Stab: Sleeping          |     5 |     1 ||     6
  Eat: Chunk             |     9 |    13 ||    22
Armor: Skin              |     5 |    10 ||    15
Dodge: Dodged            |    33 |   113 ||   146
Block: Other             |       |     7 ||     7
